 Dungeon Crawl Stone Soup version 0.25-a0-447-gff83419037 (webtiles) character file.

Game seed: 10334650940972814271, levelgen mode: deterministic

30 ChaosChampion the Insei (level 3, -3/23 HPs)
             Began as an Octopode Transmuter on Jan 31, 2020.
             Slain by Sigmund
             ... wielding a +0 scythe
              (10 damage)
             ... on level 2 of the Dungeon.
             The game lasted 00:02:49 (841 turns).

ChaosChampion the Insei (Octopode Transmuter)        Turns: 841, Time: 00:02:50

Health: -3/23      AC:  2    Str:  9    XL:     3   Next: 18%
Magic:  4/6        EV: 20    Int: 16    God:
Gold:   41         SH:  0    Dex: 17    Spells: 0/6 levels left

rFire    . . .     SeeInvis .     - Unarmed
rCold    . . .     Gourm    .   (shield currently unavailable)
rNeg     . . .     Faith    .   (helmet currently unavailable)
rPois    x         Spirit   .   (no amulet)
rElec    .         Reflect  .   (no ring)
rCorr    .         Harm     .   (no ring)
MR       .....                  (no ring)
Stlth    ++........             (no ring)
HPRegen  0.07/turn              (no ring)
MPRegen  0.10/turn              (no ring)
                                (no ring)
                                (no ring)

@: spider-form (expiring)
A: tiny, almost no armour, stealthy swim, (amphibious), 8 rings, (constrict 8)
a: End Transformation


You were on level 2 of the Dungeon.
You were not hungry.
You were a venomous arachnid creature.
You visited 1 branch of the dungeon, and saw 2 of its levels.

You collected 41 gold pieces.

Inventory:

Missiles
 a - 12 arrows
 d - 5 atropa-tipped darts (quivered)
Potions
 b - a potion of curing
 e - a potion of degeneration {unknown}
Comestibles
 c - 4 rations


   Skills:
 + Level 1.1 Fighting
 + Level 2.1 Dodging
 * Level 0.8 Stealth
 * Level 3.4 Unarmed Combat
 * Level 2.2 Spellcasting
 * Level 2.4 Transmutations


You couldn't memorise any spells.
You knew the following spells:

 Your Spells              Type           Power        Failure   Level  Hunger
a - Beastly Appendage     Tmut           #.....       21%         1    #......
b - Sticks to Snakes      Tmut           #.......     26%         2    ###....
c - Spider Form           Tmut/Pois      #.........   58%         3    ###....

Your spell library contained the following spells:

 Spells                   Type           Power        Failure   Level  Hunger
 Ice Form                 Ice/Tmut       #.......     90%         4    #####..
 Blade Hands              Tmut           #.........   97%         5    ######.


Dungeon Overview and Level Annotations

Branches:
Dungeon (2/15)

Altars:

Annotations:
D:2 Sigmund


Innate Abilities, Weirdness & Mutations

You cannot wear most types of armour.
You are very stealthy in the water. (Stealth+)
((You are amphibious.))
You can wear up to eight rings at the same time.
((You can use your tentacles to constrict eight enemies at once.))
((Your skin changes colour to match your surroundings (Stealth+).))
((Your rubbery body absorbs attacks. (AC +1, EV +1)))


Message History

Sigmund shouts!
Sigmund mumbles some strange words.
Sigmund flickers and vanishes!
Deactivating autopickup; reactivate with Ctrl-A.
No target in view!
No target in view!
No target in view!
You closely miss something. You bite something! Something hits you!
You closely miss something. Something hits you!
* * * LOW HITPOINT WARNING * * *
You hit something. You closely miss something. Something hits you.
* * * LOW HITPOINT WARNING * * *
Okay, then.
It was a potion of curing.
You feel better.
You hear some strange, mumbled words.
Something tries to affect you, but you resist.
You hit something but do no damage. Something hits you!
You die...

#.# #.# #.#
#.# #.# #.#
#{# #s# #.#
############.#
#............#
#.############
#.#....#
#.#.##.#
#.#<##.#
#.####(#


There were no monsters in sight!

Vanquished Creatures
  A leopard gecko (D:1)
  5 goblins (D:1)
  3 hobgoblins (D:1)
  2 jackals (D:1)
  3 bats (D:1)
  6 frilled lizards (D:1)
  4 kobolds (D:1)
  6 rats (D:1)
30 creatures vanquished.

Notes
Turn   | Place    | Note
-------+----------+-------------------------------------------
     0 | D:1      | ChaosChampion the Octopode Transmuter began the quest for
                  | the Orb.
     0 | D:1      | Reached XP level 1. HP: 13/13 MP: 3/3
   128 | D:1      | Reached XP level 2. HP: 15/18 MP: 3/5
   251 | D:1      | Learned a level 2 spell: Sticks to Snakes
   499 | D:1      | Reached XP level 3. HP: 22/23 MP: 6/6
   824 | D:2      | Noticed Sigmund
   830 | D:2      | Learned a level 3 spell: Spider Form
   839 | D:2      | HP: 1/23 [something (3)]
   841 | D:2      | Slain by Sigmund

Levels and vault maps discovered:
D:1:      lordsloth_arrival_two_stooges, layout_basic, grunt_decor_mini_mirrors
D:2:      layout_basic, minmay_goblin_kobold_house, uniq_sigmund

Action                   || total
-------------------------++-------
Melee: Unarmed           ||    60
       Constrict         ||    19
       Tentacles         ||     6
       Kick              ||     8
 Cast: Beastly Appendage ||    14
       Spider Form       ||     1
  Use: Potion            ||     1
 Stab: Sleeping          ||     4
Armor: Skin              ||     7
Dodge: Dodged            ||    43

Table legend:
 A = Non-vault XP
 B = Vault XP
 C = Vault XP percentage of total XP
 D = Non-vault monster count
 E = Vault monster count
 F = Vault count percentage of total count
                 A         B        C        D         E       F
            +---------+---------+-------+---------+---------+-------
      Total |      43 |       0 |   0.0 |      30 |       0 |   0.0
            +---------+---------+-------+---------+---------+-------
        D:1 |      43 |       0 |   0.0 |      30 |       0 |   0.0
            +---------+---------+-------+---------+---------+-------
